 Dungeon Crawl Stone Soup version 0.27-a0-592-g0306a34022 (webtiles) character file.

Game seed: 1612799057127340213

11 robertstho the Magician (level 2, 0/11 HPs)
             Began as a Felid Hedge Wizard on Mar 10, 2021.
             Succumbed to an adder's poison
             ... on level 2 of the Dungeon.
             The game lasted 00:01:55 (1345 turns).

robertstho the Magician (Felid Hedge Wizard)        Turns: 1345, Time: 00:01:56

Health: 0/11       AC:  1    Str:  6    XL:     2   Next: 17%
Magic:  1/7        EV: 17    Int: 15    God:
Gold:   37         SH:  0    Dex: 15    Spells: 6/7 levels left
                                        Lives:  0   Deaths: 0

rFire    . . .     SeeInvis +   (weapon unavailable)
rCold    . . .     Faith    .   (shield unavailable)
rNeg     . . .     Spirit   .   (armour unavailable)
rPois    .         Reflect  .   (helmet unavailable)
rElec    .         Harm     .   (cloak unavailable)
rCorr    .         Rampage  .   (gloves unavailable)
Will     .....                  (boots unavailable)
Stlth    +++.......             (no amulet)
HPRegen  0.03/turn              (no ring)
MPRegen  0.10/turn              (no ring)

@: lethally poisoned (0 -> -8), quick
A: very small, claws 1, fangs 3, see invisible, speed 1, shaggy fur 1, stealthy
paws, no weapons or thrown items, no armour, multi-lived
a: no special abilities


You were on level 2 of the Dungeon.
You visited 1 branch of the dungeon, and saw 2 of its levels.

You collected 37 gold pieces.

Inventory:

Scrolls
 c - a scroll of fear {unknown}
Potions
 a - a potion of haste {unknown}


   Skills:
 + Level 2.8 Dodging
 * Level 2.8 Stealth
 + Level 3.4 Spellcasting
 + Level 0.8 Conjurations
 + Level 1.0 Summonings
 * Level 1.9 Translocations


You had 6 spell levels left.
You knew the following spells:

 Your Spells              Type           Power      Damage    Failure   Level
a - Magic Dart            Conj           20%        1d4       14%         1

Your spell library contained the following spells:

 Spells                   Type           Power      Damage    Failure   Level
 Blink                    Tloc           N/A        N/A       13%         2
 Call Imp                 Summ           5%         N/A       19%         2
 Slow                     Hex            2%         N/A       28%         2
 Conjure Flame            Conj/Fire      3%         6-21      43%         3
 Mephitic Cloud           Conj/Pois/Air  3%         N/A       45%         3


Dungeon Overview and Level Annotations

Branches:
Dungeon (2/15)

Altars:


Innate Abilities, Weirdness & Mutations

You have sharp claws.
You have razor-sharp teeth.
You have supernaturally acute eyesight. (SInv)
You cover ground quickly. (Speed+)
You are covered in fur. (AC +1)
Your stealthy paws help you sneak and pounce on unaware monsters.
You are incapable of wielding weapons or throwing items.
You cannot wear armour.
You gain extra lives every three experience levels.


Message History

The bullfrog skeleton hits you!
Ouch! That really hurt!
You see here 13 gold pieces.
You now have 37 gold pieces (gained 13).
The bullfrog skeleton hits you.
* * * LOW HITPOINT WARNING * * *
Blink to where?
Press: ? - help, Dir - move target, p - bullfrog skeleton
As you read the scroll of blinking, it crumbles to dust.
A jackal comes into view.
You see here a purple potion.
a - a purple potion An adder comes into view.
A quokka comes into view.
You stumble into a teleport trap!
You are suddenly yanked towards some nearby monsters!
Your surroundings suddenly seem different.
A rat comes into view.
Found a sapphire potion.
Found a stone staircase leading down.
A rat comes into view.
Found a scroll labelled KIALEL VIFRE.
An adder comes into view.
Found a scroll labelled QAG FIOLEULUGG.
The adder hisses angrily.
Found a stone staircase leading up.
Aiming: Magic Dart (safe; 14% risk of failure)
Press: ? - help, Q - select action Shift-Dir - straight line, f - adder
Aim: an adder (0% to evade)
The magic dart hits the adder.
The adder is moderately wounded.
The adder bites you.
* * * LOW HITPOINT WARNING * * *
You are lethally poisoned!
The adder poisons you!
Aiming: Magic Dart (safe; 14% risk of failure)
Press: ? - help, Q - select action Shift-Dir - straight line, f/p - adder
Aim: an adder (moderately wounded, 0% to evade)
The magic dart hits the adder.
The adder is moderately wounded.
You die...

#..........# #..?.
#S.........# #..#<..
#......r...###..#...
#.........>.....#..
...........####.#..
#..######......#.#
#.## #..#####.# #..#
#.r#####.# ##.##
#.....S@.# #..#
#?######## ##Z####.#
####.......#
...........#
..Z........#
...........#
...........#
.....##.##.#


You could see an adder and a quokka.

Vanquished Creatures
  3 giant cockroaches
  4 goblins (D:1)
  A bat (D:1)
  2 kobolds (D:1)
10 creatures vanquished.

Notes
Turn   | Place    | Note
-------+----------+-------------------------------------------
     0 | D:1      | robertstho the Felid Hedge Wizard began the quest for the
                  | Orb.
     0 | D:1      | Reached XP level 1. HP: 7/7 MP: 5/5
   626 | D:1      | Reached XP level 2. HP: 11/11 MP: 0/7
  1345 | D:2      | Succumbed to an adder's poison

Illustrated notes

Levels and vault maps discovered:
D:1:      ncdulo_wetmaze, layout_basic, nrook_loot_triangle,
          kennysheep_small_spiral
D:2:      layout_basic, nicolae_overflow_hidden_temple, general_overflow_altar,
          serial_corexii_hall, corexii_hall_statues_u, corexii_hall_statues_x,
          corexii_hall_statues_x, serial_bayou_crossing

Action                   || total
-------------------------++-------
Melee: Unarmed           ||    27
       Bite              ||     2
 Cast: Magic Dart        ||    26
  Use: Scroll            ||     2
 Stab: Sleeping          ||     3
Armor: Skin              ||     4
Dodge: Dodged            ||    29

Table legend: (Time is in decaauts)
 A = Elapsed time spent in this place.
 B = Non-inter-level travel time spent in this place.
 C = Inter-level travel time spent in this place.
 D = Time resting spent in this place.
 E = Time spent auto-exploring this place.
 F = Levels seen in this place.
 G = Mean time per level.
                   A        B        C        D        E       F      G
               +--------+--------+--------+--------+--------+-----+--------+
         Total |   1186 |   1171 |     15 |      0 |   1048 |   2 |  593.0 |
       Dungeon |   1186 |   1171 |     15 |      0 |   1048 |   2 |  593.0 |
               +--------+--------+--------+--------+--------+-----+--------+

Top non-repeatable levels by time:
     D:1: 1151 daAuts
     D:2: 35 daAuts
